Map: Beladona LE

Players

Dias - Winner!

  • Race: Zerg Zerg
  • League: Platinum
  • Spawn Location: 11:00

LowLinK

  • Race: Protoss Protoss
  • League: Platinum
  • Spawn Location: 5:00

VOD

Have the link to the VOD?

Description

Time

  • Played on: Feb. 15, 2020, 12:54 p.m.
  • Length: 10:29
Show
View Real Time Build Order
Export as new Build Order

Dias Zerg - Winner!

Build Orders: Hatch First 

Get SALT Encoding   

  12  0:02  Drone  
  13  0:12  Drone  
  14  0:16  Extractor  
  14  0:17  Drone  
  15  0:22  Overlord  
  15  0:46  Hatchery  
  15  0:49  Drone  
  15  0:52  Drone  
  15  0:56  Drone  
  17  1:05  Extractor  
  16  1:13  Spawning Pool  
  16  1:16  Drone  
  16  1:20  Drone  
  17  1:28  Drone  
  18  1:34  Drone  
  19  1:45  Overlord  
  19  2:01  Queen x2  
  19  2:02  Zergling x2  
  19  2:03  Zergling x2  
  19  2:07  Drone  
  26  2:12  Metabolic Boost  
  26  2:16  Drone x2  
  26  2:22  Drone  
  29  2:31  Overlord  
  29  2:32  Drone  
  30  2:39  Spine Crawler  
  29  2:49  Overlord  
  29  2:54  Drone x3  
  29  2:57  Spore Crawler  
  31  3:01  Roach Warren  
  30  3:06  Drone  
  30  3:07  Drone  
  32  3:18  Overlord  
  32  3:19  Drone x2  
  33  3:35  Overlord  
  33  3:36  Zergling x4  
  33  3:37  Zergling x4  
  33  3:38  Spine Crawler, Drone  
  37  3:53  Overlord  
  37  3:56  Drone  
  37  3:57  Extractor, Drone  
  37  3:59  Queen  
  40  4:16  Spore Crawler  
  39  4:24  Lair  
  39  4:25  Roach x3  
  39  4:26  Roach x3  
  39  4:27  Roach  
  53  4:48  Drone x2  
  53  4:50  Drone x5  
  52  5:24  Queen  
  52  5:27  Spore Crawler  
  44  5:45  Roach x5  
  44  5:46  Roach x7  
  68  5:51  Overlord x2  
  68  6:04  Hydralisk Den  
  68  6:08  Queen  
  61  6:29  Zergling x2  
  61  6:30  Zergling x12  
  61  6:31  Spine Crawler  
  67  6:50  Overlord  
  67  6:51  Hydralisk x3  
  73  6:56  Ravager  
  73  6:57  Extractor  
  69  7:24  Hydralisk x2  
  69  7:25  Hydralisk x4  
  73  7:39  Drone x3  
  73  7:42  Extractor  
  75  7:47  Ravager  
  76  7:56  Hatchery  
  75  8:05  Drone x3  
  78  8:06  Overlord  
  78  8:08  Zergling x2  
  78  8:10  Queen  
  76  8:54  Roach  
  76  8:55  Hatchery, Roach x6  
  79  8:56  Roach x2  
  77  9:08  Glial Reconstitution  
  77  9:10  Drone x3  
  80  9:25  Queen  
  82  9:41  Drone  
  82  9:42  Drone  
  84  9:48  Overlord x5  
Show
View Real Time Build Order
Export as new Build Order

LowLinK Protoss 

Build Orders:  

Get SALT Encoding   

  12  0:01  Probe  
  13  0:13  Probe  
  14  0:19  Pylon  
  14  0:25  Probe  
  15  0:38  Probe (Chrono Boost), Gateway  
  16  0:49  Probe (Chrono Boost)  
  17  0:51  Assimilator  
  17  0:54  Probe (Chrono Boost)  
  18  1:01  Assimilator  
  18  1:04  Probe  
  19  1:15  Pylon  
  19  1:16  Probe  
  20  1:25  Cybernetics Core  
  20  1:28  Probe  
  21  1:40  Probe  
  22  1:53  Probe  
  23  1:56  Pylon  
  23  2:02  Warp Gate  
  23  2:10  Gateway  
  23  2:13  Gateway  
  23  2:18  Stargate  
  23  2:22  Gateway  
  23  2:26  Probe  
  24  2:33  Stalker (Chrono Boost)  
  26  3:29  Void Ray (Chrono Boost)  
  30  3:45  Pylon  
  30  3:46  Pylon  
  30  3:51  Stalker  
  30  3:52  Pylon, Stalker x3  
  38  4:03  Void Ray (Chrono Boost)  
  42  4:15  Pylon  
  42  4:17  Stalker x2  
  42  4:23  Adept  
  48  4:29  Adept  
  50  4:42  Adept x2  
  54  4:52  Adept  
  56  5:03  Stalker  
  44  5:43  Void Ray (Chrono Boost)  
  44  5:47  Stalker x2  
  44  5:48  Stalker x2  
  50  6:27  Stalker x3  
  50  6:28  Stalker  
  58  6:51  Void Ray  
  62  6:54  Zealot  
  62  6:55  Zealot x3  
  44  7:31  Stalker x4  
  44  7:44  Pylon  
  44  8:10  Stalker x3  
  44  8:12  Adept  
  26  9:03  Void Ray (Chrono Boost)  
  26  9:07  Stalker x2  
  34  9:10  Sentry  
  36  9:17  Probe  
  37  9:37  Stalker x2  
  41  9:58  Stalker  
Tags
 
Add a new tag
Caveats
  • Supply blocks, unpowered buildings, or Contaminate may cause inaccurate times.
  • Supply counts are checked every 10 seconds.